cohdb
Replays
Latest Replays
All Replays
Popular Replays
Top Player Replays
Match Explorer
How It Works
Community
CoH3 Stats
Reddit
Sign in to upload your games and track your stats! →
Sign in with Steam
Match 45486221
Unlisted
Match 45486221
Overview
Messages
Build Orders
End
Kradschützen Motorcycle Team
250 Light Carrier
Panzergrenadier Squad
Selects Italian Infantry
Selects Italian Infantry
Construct Light Support Kompanie
Assault Grenadier Squad
MG34 Team
Fire Support Elements
Selects Guastatori Squad
2.5-tonne Medical Truck
Panzerjäger Mechanized Group
Brother
Sad Pepe
0
0
Comments
sign in to comment!
No comments posted yet!